 Dungeon Crawl Stone Soup version 0.28-a0-1184-g53156a8862 (webtiles) character file.

Game seed: 12586507207841977041

11694 pokeman the Eclecticist (level 11, -3/63 HPs)
             Began as a Deep Elf Hedge Wizard on Dec 16, 2021.
             Was an Elder of Vehumet.
             Slain by a fire crab (8 damage)
             ... in a Gauntlet on Dec 17, 2021.
             The game lasted 00:53:54 (13365 turns).

pokeman the Eclecticist (Deep Elf Hedge Wizard)    Turns: 13365, Time: 00:53:55

Health: -3/63      AC: 11    Str:  7    XL:     11   Next: 52%
Magic:  29/32      EV: 11    Int: 24    God:    Vehumet [****..]
Gold:   912        SH:  0    Dex: 14    Spells: 22/41 levels left

rFire   . . .      SeeInvis .   d - +7 war axe "Hydrabane" {venom, rElec Will+}
rCold   . . .      Faith    .   (no shield)
rNeg    + . .      Spirit   .   D - +0 acid dragon scales
rPois   .          Reflect  .   g - +0 helmet
rElec   +          Harm     .   P - +1 cloak
rCorr   +          Rampage  .   a - +0 pair of gloves
Will    ++...      NoTele   +   (no boots)
Stlth   ++........              T - amulet of regeneration
HPRegen 1.00/turn               v - ring of positive energy
MPRegen 0.23/turn               (no ring)

@: no status effects
A: no striking features
a: Renounce Religion


You were in a Gauntlet.
You worshipped Vehumet.
Vehumet was greatly pleased with you.
You visited 2 branches of the dungeon, and saw 12 of its levels.
You also visited: Sewer, Ossuary and Gauntlet.

You collected 912 gold pieces.

Inventory:

Hand Weapons
 d - the +7 war axe "Hydrabane" (weapon) {venom, rElec Will+}
   (You found it in a Gauntlet)

   It poisons the flesh of those it strikes.
   rElec:     It insulates you from electricity.
   Will:      It increases your willpower.
 p - a +1 vorpal shortbow
 M - a +0 hand crossbow
Missiles
 r - 295 arrows
 N - 63 bolts
Armour
 a - a +0 pair of gloves (worn)
 g - a +0 helmet (worn)
 h - a +2 leather armour of cold resistance
 D - +0 acid dragon scales (worn)
 O - a +0 troll leather armour {Pargi}
 P - a +1 cloak (worn)
Magical Staves
 E - a staff of poison
Jewellery
 v - a ring of positive energy (left hand)
 T - an amulet of regeneration (around neck)
Wands
 q - a wand of flame (14)
 t - a wand of acid (8)
 y - a wand of paralysis (12)
 I - a wand of polymorph (2)
 U - a wand of digging (2)
Scrolls
 b - 6 scrolls of amnesia
 c - 4 scrolls of fog
 i - 5 scrolls of enchant armour
 k - a scroll of acquirement
 l - 3 scrolls of enchant weapon
 m - 3 scrolls of teleportation
 o - a scroll of magic mapping
 s - 4 scrolls of blinking
 u - 4 scrolls of fear
 w - 4 scrolls of noise {unknown}
 G - 2 scrolls of holy word {unknown}
 J - a scroll of silence {unknown}
 Q - a scroll of vulnerability {unknown}
 R - a scroll of immolation {unknown}
Potions
 e - 3 potions of haste
 f - 4 potions of invisibility
 j - a potion of lignification
 n - 3 potions of might
 x - 3 potions of brilliance
 z - 3 potions of attraction
 A - 4 potions of heal wounds
 B - 3 potions of flight {unknown}
 F - 4 potions of ambrosia {unknown}
 H - 5 potions of degeneration {unknown}
 K - 5 potions of curing {unknown}
 L - 2 potions of magic {unknown}
 S - a potion of berserk rage {unknown}


   Skills:
 - Level 5.0 Fighting
 + Level 4.1 Armour
 - Level 3.2 Dodging
 - Level 3.2 Stealth
 * Level 15.5 Spellcasting
 + Level 9.1 Conjurations
 - Level 1.1 Summonings
 - Level 1.1 Translocations
 + Level 8.4 Fire Magic
 - Level 1.0 Air Magic
 - Level 1.0 Earth Magic
 - Level 1.3 Poison Magic
 - Level 1.1 Evocations


You had 22 spell levels left.
You knew the following spells:

 Your Spells              Type           Power      Damage    Failure   Level
a - Magic Dart            Conj           100%       1d8       1%          1
b - Mephitic Cloud        Conj/Pois/Air  37%        N/A       1%          3
c - Call Imp              Summ           23%        N/A       5%          2
d - Blink                 Tloc           46%        N/A       5%          2
e - Conjure Flame         Conj/Fire      57%        6-21      1%          3
f - Foxfire               Conj/Fire      100%       2x1d9     1%          1
g - Flame Wave            Conj/Fire      57%        2d9       1%          4
h - Stone Arrow           Conj/Erth      86%        3d12      1%          3

Your spell library contained the following spells:

 Spells                   Type           Power      Damage    Failure   Level
 Lee's Rapid Deconstruct  Erth           11%        3d9*      24%         5
 Inner Flame              Hex/Fire       38%        N/A       1%          3
 Apportation              Tloc           46%        N/A       3%          1
 Animate Skeleton         Necr           36%        N/A       5%          1
 Pain                     Necr           72%        1d7       5%          1
 Slow                     Hex            72%        N/A       5%          1
 Vampiric Draining        Necr           18%        2d7       16%         3
 Alistair's Intoxication  Tmut/Pois      14%        N/A       75%         5


Dungeon Overview and Level Annotations

Branches:
Dungeon (11/15)            Temple (1/1) D:4            Lair (0/6) D:11
  Sewer (visited)         Ossuary (visited)         Gauntlet (1/1)
    Orc: D:9-12

Altars:
Ashenzari
Elyvilon
Okawaru
Vehumet
Wu Jian

Annotations:
Gauntlet 9 transporters, 3 runed translucent doors, exclusion: obsidian statue


Message History

Unknown command.
Press: ? - help, v - describe, . - travel A rock wall.
Unknown command.
Unknown command.
Casting: Mephitic Cloud (safe; 1% risk of failure)
Confirm with . or Enter, or press ? or * to list all spells.
Aiming: Stone Arrow (safe; 1% risk of failure)
Press: ? - help, Shift-Dir - straight line, f - fire bat
Aim: a fire bat (lightly wounded, 64% to hit)
The stone arrow hits the fire bat!!
The fire bat is almost dead.
The fire bat barely misses you. The fire bat completely misses you.
The fire crab is engulfed in noxious fumes.
The fire crab appears confused.
The fire bat bites you but does no damage.
Unknown command.
You closely miss the fire bat.
The fire bat is almost dead.
You slash the fire bat!
The fire bat is poisoned.
The fire bat bites you but does no damage.
The fire bat bites you.
You are engulfed in flames.
The fire bat misses you. The fire bat closely misses you.
The fire bat bites you but does no damage.
The fire bat closely misses you.
You slash the fire bat!
The fire bat looks as sick as possible!
The fire bat is severely wounded.
You closely miss the fire bat.
You kill the fire bat!
Vehumet accepts your kill.
You feel your power returning. The fire bat bites you.
You are engulfed in flames!
The fire bat bites you.
You are engulfed in flames!
The fire crab is engulfed in noxious fumes.
The fire crab appears confused.
The fire bat bites you.
You are engulfed in flames!
* * * LOW HITPOINT WARNING * * *
The fire crab bites you!
* * * LOW HITPOINT WARNING * * *
You are engulfed in flames!
You die...

...+.#.#.#.....#.#.#...#.#.≈##
####.#.#..####.#.#..####.#.##
.#.#sB..ssB#.≈##
############.≈≈#
..©....©#....≈##
#########.♣P.## .
©!###...PP.≈#
#..P#≈#≈#P..#.###(###.♣P...≈≈#
#..P≈≈≈≈≈...#.##@.#.#.PP...≈##
#.♣P#≈#≈#.♣.#.○tb...#.♣.P..##
#.P.≈≈≈≈≈.P.#.#○.##.#..P..≈#
#...#≈#≈#P..###°###.#.♣..≈≈#
#...........###.....#...####
#####################..≈#
......©.........©#....≈≈#
##################...####
..#...©(..#.........≈#


You could see an entropy weaver, a fire crab (confused), a redback and a fire
bat.

Vanquished Creatures
  3 two-headed ogres
  Joseph (D:9)
  A gargoyle (D:8)
  A kobold demonologist (D:9)
  2 slime creatures (Gauntlet)
  A shadow (D:10)
  3 wraiths
  A fire bat (Gauntlet)
  17 yaks
  Grum (D:9)
  An acid dragon (D:5)
  3 water moccasins
  Pargi (Sewer)
  2 orc warriors
  A black bear (D:8)
  A hornet zombie (D:9)
  2 ogres
  4 wolves (D:9)
  10 centaurs
  2 kobold brigands
  2 gnoll sergeants (D:9)
  4 bullfrogs
  3 water moccasin zombies
  3 wyvern zombies (Ossuary)
  4 scorpions
  A wyvern skeleton (D:7)
  A water moccasin skeleton (D:5)
  5 killer bees (D:9)
  An oklob sapling (D:4)
  11 howler monkeys
  6 centaur zombies
  7 bullfrog zombies
  4 jellies
  3 orc priests
  A bullfrog skeleton (D:6)
  2 hounds (D:4)
  A centaur skeleton (D:5)
  4 iguanas
  2 orc wizards (D:6)
  4 killer bee zombies
  17 mummies
  A howler monkey zombie (Ossuary)
  3 adders
  8 gnolls
  A white imp (D:7)
  An ufetubus (D:6)
  A worm (D:2)
  4 dart slugs
  27 orcs
  11 endoplasms
  6 giant cockroaches
  8 goblins
  12 hobgoblins
  11 jackals
  21 kobolds
  5 quokkas
  5 ball pythons
  4 bats
  3 frilled lizards
  3 rats
279 creatures vanquished.

Vanquished Creatures (collateral kills)
  76 foxfires (D:4)
76 creatures vanquished.

Vanquished Creatures (others)
  621 foxfires
  3 plants (D:4)
  6 withered plants (Ossuary)
630 creatures vanquished.

Grand Total: 985 creatures vanquished

Notes
Turn   | Place    | Note
-------+----------+-------------------------------------------
     0 | D:1      | pokeman the Deep Elf Hedge Wizard began the quest for the
                  | Orb.
     0 | D:1      | Reached XP level 1. HP: 10/10 MP: 7/7
    91 | D:1      | Found a faded altar of an unknown god.
   239 | D:1      | Reached XP level 2. HP: 15/15 MP: 5/9
   919 | D:1      | Reached skill level 5 in Spellcasting
  1137 | D:2      | Reached XP level 3. HP: 20/20 MP: 9/11
  1143 | D:2      | Learned a level 3 spell: Mephitic Cloud
  1146 | D:2      | Learned a level 2 spell: Call Imp
  1149 | D:2      | Learned a level 2 spell: Blink
  1153 | D:2      | Learned a level 3 spell: Conjure Flame
  1247 | D:2      | Reached skill level 1 in Armour
  1476 | D:2      | Reached skill level 1 in Fighting
  1598 | D:2      | Learned a level 1 spell: Foxfire
  2029 | D:2      | Reached XP level 4. HP: 25/25 MP: 11/13
  2853 | D:3      | Reached skill level 1 in Fire Magic
  3168 | D:4      | Noticed a scorpion
  3177 | D:4      | Killed a scorpion
  3178 | D:4      | Reached skill level 6 in Spellcasting
  3178 | D:4      | Reached XP level 5. HP: 29/29 MP: 1/15
  3189 | D:4      | Reached skill level 1 in Air Magic
  3563 | D:4      | Noticed an ogre
  3571 | D:4      | Killed an ogre
  3572 | D:4      | Reached skill level 1 in Poison Magic
  3572 | D:4      | Reached XP level 6. HP: 34/34 MP: 10/17
  3592 | D:4      | Reached skill level 7 in Spellcasting
  4189 | D:4      | Reached skill level 1 in Evocations
  4305 | D:4      | Found an iron altar of Okawaru.
  4446 | D:4      | Found a staircase to the Ecumenical Temple.
  4669 | Temple   | Entered the Ecumenical Temple
  4820 | Temple   | Became a worshipper of Vehumet
  5170 | D:4      | Reached XP level 7. HP: 38/38 MP: 14/20
  5274 | D:5      | Entered Level 5 of the Dungeon
  5577 | D:5      | Found a sand-covered staircase.
  5584 | D:5      | Reached skill level 8 in Spellcasting
  5596 | Ossuary  | Entered an ossuary
  5829 | Ossuary  | Reached * piety under Vehumet
  5829 | Ossuary  | Offered knowledge of Freeze by Vehumet.
  5957 | Ossuary  | Reached XP level 8. HP: 34/45 MP: 22/22
  6039 | Ossuary  | Reached skill level 9 in Spellcasting
  6046 | Ossuary  | Upgraded the game from 0.28-a0-1182-g381e24db82 to
                  | 0.28-a0-1184-g53156a8862
  6058 | Ossuary  | Learned a level 4 spell: Flame Wave
  6291 | Ossuary  | Reached skill level 5 in Conjurations
  6462 | Ossuary  | Reached skill level 10 in Spellcasting
  7528 | D:6      | Reached XP level 9. HP: 47/50 MP: 21/25
  7551 | D:6      | Reached ** piety under Vehumet
  7551 | D:6      | Offered knowledge of Shock by Vehumet.
  7871 | D:6      | Reached skill level 11 in Spellcasting
  8048 | D:6      | Found a glowing drain.
  8052 | Sewer    | Entered a sewer
  8242 | Sewer    | Noticed Pargi
  8247 | Sewer    | Killed Pargi
  8350 | Sewer    | Offered knowledge of Static Discharge by Vehumet.
  8507 | D:6      | Reached skill level 5 in Fire Magic
  9322 | D:7      | Reached *** piety under Vehumet
  9968 | D:8      | Reached skill level 12 in Spellcasting
  9981 | D:8      | Reached XP level 10. HP: 11/56 MP: 17/28
 10578 | D:8      | Noticed a gargoyle
 10623 | D:8      | Killed a gargoyle
 10624 | D:8      | Reached skill level 13 in Spellcasting
 11042 | D:9      | Noticed Grum
 11059 | D:9      | Killed Grum
 11064 | D:9      | Offered knowledge of Stone Arrow by Vehumet.
 11069 | D:9      | Learned a level 3 spell: Stone Arrow
 11202 | D:9      | Noticed Joseph
 11214 | D:9      | Killed Joseph
 11215 | D:9      | Reached skill level 1 in Earth Magic
 11394 | D:9      | Noticed a two-headed ogre
 11402 | D:9      | Killed a two-headed ogre
 11403 | D:9      | Reached skill level 14 in Spellcasting
 11478 | D:9      | Noticed a two-headed ogre
 11497 | D:9      | Killed a two-headed ogre
 11498 | D:9      | Reached XP level 11. HP: 38/62 MP: 12/31
 11645 | D:9      | Identified the +3 halberd of Conformity {vorpal, Contam
                  | Str+4 Int+4 Dex+4}
 11690 | D:9      | Reached **** piety under Vehumet
 11729 | D:9      | Offered knowledge of Lee's Rapid Deconstruction by Vehumet.
 12188 | D:9      | Reached skill level 15 in Spellcasting
 12398 | D:10     | Entered Level 10 of the Dungeon
 12504 | D:10     | Noticed a two-headed ogre
 12508 | D:10     | Killed a two-headed ogre
 12742 | D:10     | Reached skill level 5 in Fighting
 13015 | D:11     | Identified a scroll of acquirement
 13060 | D:11     | Found a gate leading to a gauntlet.
 13065 | Gauntlet | Entered a Gauntlet
 13065 | Gauntlet | Found a transporter.
 13081 | Gauntlet | Found a transporter.
 13083 | Gauntlet | Found a transporter.
 13097 | Gauntlet | Found a runed translucent door.
 13101 | Gauntlet | Found a transporter.
 13101 | Gauntlet | Found a transporter.
 13107 | Gauntlet | Noticed an obsidian statue
 13115 | Gauntlet | Found a transporter.
 13123 | Gauntlet | Noticed a glowing orange brain
 13124 | Gauntlet | Found a runed translucent door.
 13126 | Gauntlet | Found a transporter.
 13128 | Gauntlet | Found a runed translucent door.
 13129 | Gauntlet | Noticed a white ugly thing
 13129 | Gauntlet | Noticed a brown ugly thing
 13134 | Gauntlet | Noticed a death scarab
 13138 | Gauntlet | Noticed a death scarab
 13139 | Gauntlet | Found a transporter.
 13143 | Gauntlet | Noticed a wolf spider
 13146 | Gauntlet | Found a transporter.
 13147 | Gauntlet | Noticed an entropy weaver
 13161 | Gauntlet | Found a transporter.
 13169 | Gauntlet | Noticed a fire crab
 13170 | Gauntlet | Found a transporter.
 13175 | Gauntlet | Found a transporter.
 13216 | Gauntlet | Identified the +7 war axe "Hydrabane" {venom, rElec Will+}
 13365 | Gauntlet | Slain by a fire crab

Illustrated notes

Levels and vault maps discovered:
D:1:      lightli_arrival_flooded_house, layout_basic,
          ebering_ecumenical_altar_mist, minmay_heptomino_l4
D:2:      layout_loops_ring, roderic_serpentine_path, grunt_ministairs_1
D:3:      layout_rooms
D:4:      layout_basic, okawaru_altar_gauntlet_db, minmay_temple_entry_oklob
D:5:      layout_loops_ring, gup_ossuary_entry_pyramid
D:6:      cheibrodos_thug_alley, layout_basic, gup_sewer_entry_bowl
D:7:      layout_gridville, kennysheep_generic_room_14
D:8:      layout_loops_ring
D:9:      minmay_the_grid_octo_tiled_squarecenter
          [minmay_the_grid_octo_checkered, minmay_the_grid_octo_empty,
          minmay_the_grid_octo_checkerflower,
          minmay_the_grid_octo_tetromino_candy,
          minmay_the_grid_square_5x5_megaprize_hollow,
          minmay_the_grid_square_5x5_minimal,
          minmay_the_grid_square_5x5_two_walls_b,
          minmay_the_grid_square_5x5_longway, minmay_the_grid_square_5x5_inset],
          layout_rooms, uniq_joseph, uniq_grum
D:10:     layout_rooms
D:11:     layout_stronghold, david_lair_generic, gauntlet_entry_generic,
          columned_hall_lemuel, grunt_decor_resistance,
          lightli_fourway_metalbox, uniq_fannar
Temple:   roderic_octagonal_lattice_temple
Gauntlet: minmay_gauntlet_77_tree [minmay_gauntlet_arena_77_broken_ladder,
          minmay_gauntlet_arena_77_p_blocks, minmay_gauntlet_arena_77_path,
          minmay_gauntlet_arena_77_box,
          minmay_gauntlet_arena_77_radiant_squares,
          minmay_gauntlet_arena_77_shame_cube,
          minmay_gauntlet_arena_77_block_sizes, gauntlet_exit_hidden_loot]

Skill      XL: |  1  2  3  4  5  6  7  8  9 10 11 |
---------------+----------------------------------+-----
Spellcasting   | 5 6 7 8 10 12 14 15 | 15.5
Armour         | 1 2 3 4 |  4.1
Fighting       | 1 2 3 4 5 |  5.0
Conjurations   | 2 3 4 5 7 8 9 |  9.1
Fire Magic     | 1 2 4 6 7 8 |  8.4
Dodging        | 3 |  3.2
Air Magic      | 1 |  1.0
Stealth        | 3 |  3.2
Poison Magic   | 1 |  1.3
Evocations     | 1 |  1.1
Earth Magic    | 1 |  1.0
Summonings     | |  1.1
Translocations | |  1.1

Action                   |  1- 3 |  4- 6 |  7- 9 | 10-12 || total
-------------------------+-------+-------+-------+-------++-------
Melee: Mace              |     3 |    29 |    74 |    26 ||   132
       Dagger            |    19 |     6 |       |       ||    25
       Unarmed           |       |       |     2 |       ||     2
       Spear             |       |       |       |    47 ||    47
       War axe           |       |       |       |     2 ||     2
 Fire: Shortbow          |       |       |       |    31 ||    31
 Cast: Magic Dart        |    91 |     2 |       |       ||    93
       Foxfire           |    14 |   149 |   180 |    61 ||   404
       Mephitic Cloud    |       |     2 |     5 |    19 ||    26
       Conjure Flame     |       |       |    22 |    18 ||    40
       Blink             |       |       |     2 |     2 ||     4
       Flame Wave        |       |       |     3 |    14 ||    17
       Call Imp          |       |       |     1 |       ||     1
       Stone Arrow       |       |       |       |    34 ||    34
Evoke: Wand              |       |       |     1 |     4 ||     5
  Use: Scroll            |       |       |       |    17 ||    17
 Stab: Paralysed         |       |       |     2 |       ||     2
       Confused          |       |       |     1 |     7 ||     8
Armor: Robe              |     6 |       |       |       ||     6
       Leather armour    |     3 |     9 |    43 |       ||    55
       Acid dragon scale |       |       |    22 |    47 ||    69
Dodge: Dodged            |    18 |    23 |    79 |    69 ||   189

Table legend: (Time is in decaauts)
 A = Elapsed time spent in this place.
 B = Non-inter-level travel time spent in this place.
 C = Inter-level travel time spent in this place.
 D = Time resting spent in this place.
 E = Time spent auto-exploring this place.
 F = Levels seen in this place.
 G = Mean time per level.
                   A        B        C        D        E       F      G
               +--------+--------+--------+--------+--------+-----+--------+
         Total |  13447 |  12941 |    506 |   1185 |   9263 |  15 |  896.5 |
       Dungeon |  11511 |  11032 |    479 |    891 |   8165 |  11 | 1046.5 |
        Temple |    165 |    138 |     27 |      0 |    133 |   1 |  165.0 |
         Sewer |    318 |    318 |      0 |     14 |    254 |   1 |  318.0 |
       Ossuary |   1152 |   1152 |      0 |    228 |    710 |   1 | 1152.0 |
      Gauntlet |    299 |    299 |      0 |     52 |      0 |   1 |  299.0 |
               +--------+--------+--------+--------+--------+-----+--------+

Top non-repeatable levels by time:
     D:4: 1940 daAuts
     D:2: 1467 daAuts
     D:9: 1273 daAuts
     D:8: 1200 daAuts
     D:6: 1167 daAuts
 Ossuary: 1152 daAuts
     D:1: 1102 daAuts
     D:5: 1044 daAuts
     D:7: 968 daAuts
     D:3: 678 daAuts
    D:10: 651 daAuts
   Sewer: 318 daAuts
Gauntlet: 299 daAuts
  Temple: 165 daAuts
    D:11: 17 daAuts
